cohdb
Replays
Latest Replays
All Replays
Popular Replays
Top Player Replays
Match Explorer
How It Works
Community
CoH3 Stats
Reddit
Sign in to upload your games and track your stats! →
Sign in with Steam
Match 46282199
Unlisted
Match 46282199
Overview
Messages
Build Orders
End
Scout Squad
Construct Barracks
Riflemen Squad
Riflemen Squad
M1 Mortar Team
Grenade Package
Construct Medical Station
Infantry Support Center
Riflemen Squad
Selects Armored Battlegroup
Selects Strength in Steel
Construct Motor Pool
M8 Greyhound Armored Car
Engineer Squad
M8 Greyhound Armored Car
Selects M8 Scott SPG
M1 Anti-tank Gun Team
M1 Anti-tank Gun Team
Construct Tank Depot
Selects UNKNOWN (2160077)
Selects Veteran Crews
M4A3E8 Sherman Easy Eight
Selects Field Repairs
Selects War Machine
M1 Anti-tank Gun Team
M1 Anti-tank Gun Team
mrce
oziligath
0
0
Comments
sign in to comment!
No comments posted yet!